 Dungeon Crawl Stone Soup version 0.23.2-1-ga50397a6bc (webtiles) character file.

Game seed: 17410404744575922366

932 Mrkan the Cudgeler (level 8, -2/52 HPs)
             Began as a Gargoyle Fighter on May 18, 2019.
             Was an Initiate of Trog.
             Killed from afar by an orc wizard (10 damage)
             ... with a puff of flame
             ... on level 4 of the Dungeon.
             The game lasted 00:07:09 (4099 turns).

Mrkan the Cudgeler (Gargoyle Fighter)               Turns: 4099, Time: 00:07:09

Health: -2/52      AC: 12    Str: 23    XL:     8   Next: 11%
Magic:  8/8        EV:  7    Int:  8    God:    Trog [......]
Gold:   252        SH:  9    Dex:  9    Spells: 7/7 levels left

rFire    . . .     SeeInvis .   a - +0 flail
rCold    . . .     Gourm    .   c - +0 shield
rNeg     + . .     Faith    .   b - +0 scale mail
rPois    ∞         Spirit   .   (no helmet)
rElec    +         Reflect  .   (no cloak)
rCorr    .         Harm     .   (no gloves)
MR       .....                  (no boots)
Stlth    ..........             (no amulet)
HPRegen  0.17/turn              (no ring)
MPRegen  0.11/turn              (no ring)

@: no status effects
A: negative energy resistance 1, electricity resistance, unbreathing,
petrification resistance, rot immunity, AC +5
a: Renounce Religion


You were on level 4 of the Dungeon.
You worshipped Trog.
Trog was noncommittal.
You were not hungry.

You visited 1 branch of the dungeon, and saw 5 of its levels.

You collected 252 gold pieces.

Inventory:

Hand Weapons
 a - a +0 flail (weapon)
Missiles
 y - 52 stones (quivered)
Armour
 b - a +0 scale mail (worn)
 c - a +0 shield (worn)
Magical Staves
 v - an uncursed staff of earth {unknown}
Jewellery
 m - a +2 ring of strength {unknown}
 x - a +3 ring of slaying {unknown}
 z - a +4 ring of intelligence {unknown}
Wands
 A - a wand of polymorph (8)
 B - a wand of paralysis (11)
 E - a wand of digging (4)
Scrolls
 h - 6 scrolls of teleportation {unknown}
 k - 5 scrolls of identify {unknown}
 q - a scroll of random uselessness {unknown}
 s - a scroll of amnesia {unknown}
 t - a scroll of remove curse {unknown}
 C - a scroll of magic mapping {unknown}
 D - a scroll of enchant armour {unknown}
 F - a scroll of enchant weapon {unknown}
Potions
 d - 3 potions of might
 e - a potion of ambrosia {unknown}
 g - 2 potions of invisibility {unknown}
 i - a potion of brilliance {unknown}
 j - a potion of flight {unknown}
 l - a potion of heal wounds {unknown}
 n - a potion of mutation {unknown}
 o - 2 potions of curing
 p - a potion of agility {unknown}
 r - a potion of haste
 u - 3 potions of degeneration {unknown}
 w - a potion of lignification {unknown}
Comestibles
 f - 11 rations


   Skills:
 + Level 6.5 Fighting
 * Level 7.6 Maces & Flails
 - Level 3.2 Armour
 - Level 3.2 Shields


You had 7 spell levels left.
You didn't know any spells.
Your spell library was empty.

Dungeon Overview and Level Annotations

Branches:
Dungeon (5/15)
 Temple: D:4-7

Altars:
Ashenzari
Trog
Vehumet

Annotations:
D:5 Blork the orc


Innate Abilities, Weirdness & Mutations

You are resistant to torment.
Your stone body is resilient. (AC +5)
You are immune to poison.
You resist negative energy. (rN+)
You are resistant to electric shocks. (rElec)
You can survive without breathing.
You are immune to petrification.
You are immune to rotting.


Message History

The orc wizard casts a spell at you. The magic dart hits you!
* * * LOW HITPOINT WARNING * * *
Something hits you but does no damage. Something hits you.
* * * LOW HITPOINT WARNING * * *
You're too confused to move!
The orc wizard hits you but does no damage.
Something hits you but does no damage.
A magic dart appears from out of thin air!
The magic dart hits you.
* * * LOW HITPOINT WARNING * * *
You feel less confused. Something hits you but does no damage.
The orc wizard gestures wildly while chanting.
The orc wizard blinks!
You hear some strange, mumbled words.
A puff of flame appears from out of thin air!
The puff of flame hits you!
You die...

.....##.....................##...
....###)###.##...................
....###.#.#......##..............
#.....#.#......#.#...............
#....##.##.....#.............#.#.
#....#...#.....>............#####
####.##o##..........#......### #
###...###...........[.....####
#..#..####..@................
##...##.......o..............
##.#.#.##.....................
#...o...#..................##.
###.#.###...............<..###
##..o....##.................###
#.#.#.#.#.#..#..#..............
#....o....#.#.[............#.##
#####.#####.###...........#####


You could see an orc wizard.

Vanquished Creatures
  The ghost of Jaijje the Ruffian, an amateur NaMo (D:3)
  2 ogres (D:4)
  A scorpion (D:4)
  A howler monkey (D:4)
  A bullfrog skeleton (D:4)
  An orc priest (D:4)
  An orc wizard (D:4)
  Ijyb (D:4)
  Natasha (thrice) (D:3)
  4 worker ants
  7 adders
  2 oozes
  3 worms
  2 leopard geckos
  11 orcs
  7 bats
  5 giant cockroaches
  6 goblins
  4 hobgoblins (D:1)
  5 jackals
  8 kobolds
  2 quokkas
  A ball python (D:3)
  A frilled lizard (D:4)
  A jackal skeleton (D:4)
  13 rats
94 creatures vanquished.

Notes
Turn   | Place    | Note
-------+----------+-------------------------------------------
     0 | D:1      | Mrkan the Gargoyle Fighter began the quest for the Orb.
     0 | D:1      | Reached XP level 1. HP: 14/14 MP: 1/1
   209 | D:1      | Reached XP level 2. HP: 19/19 MP: 2/2
   741 | D:1      | Reached skill level 3 in Maces & Flails
   868 | D:1      | Reached XP level 3. HP: 24/24 MP: 3/3
  1845 | D:3      | Reached XP level 4. HP: 28/29 MP: 4/4
  2039 | D:3      | Noticed Natasha
  2056 | D:3      | Killed Natasha
  2056 | D:3      | Reached skill level 4 in Maces & Flails
  2074 | D:3      | Found a radiant altar of Vehumet.
  2128 | D:3      | Reached XP level 5. HP: 32/34 MP: 5/5
  2452 | D:3      | Found a runed translucent door.
  2452 | D:3      | Noticed Natasha
  2459 | D:3      | Killed Natasha
  2469 | D:3      | Noticed Jaijje's ghost (amateur NaMo)
  2498 | D:3      | Noticed Natasha
  2506 | D:3      | Killed Natasha
  2634 | D:3      | Killed Jaijje's ghost
  2634 | D:3      | Reached skill level 5 in Fighting
  2634 | D:3      | Reached skill level 6 in Maces & Flails
  2634 | D:3      | Reached XP level 6. HP: 26/40 MP: 6/6
  2638 | D:3      | Reached XP level 7. HP: 23/44 MP: 7/7
  2846 | D:4      | Found a shattered altar of Ashenzari.
  3209 | D:4      | Reached skill level 7 in Maces & Flails
  3591 | D:4      | Reached XP level 8. HP: 50/52 MP: 8/8
  3720 | D:4      | Noticed Ijyb
  3742 | D:4      | Killed Ijyb
  3751 | D:4      | Noticed a moth of wrath
  3753 | D:4      | Found a bloodstained altar of Trog.
  3775 | D:4      | Became a worshipper of Trog the Wrathful
  4052 | D:5      | Entered Level 5 of the Dungeon
  4059 | D:5      | Noticed Blork the orc
  4099 | D:4      | Killed from afar by an orc wizard

Skill      XL: |  1  2  3  4  5  6  7 |
---------------+----------------------+-----
Maces & Flails | 3 4 6 7 |  7.6
Fighting       | 4 5 6 |  6.5
Armour         | |  3.2
Shields        | |  3.2

Action                   |  1- 3 |  4- 6 |  7- 9 || total
-------------------------+-------+-------+-------++-------
Melee: Flail             |   112 |   129 |   156 ||   397
  Eat: Chunk             |     2 |     2 |       ||     4
       Ration            |       |     1 |     1 ||     2
Armor: Scale mail        |    75 |   101 |   108 ||   284
Dodge: Dodged            |    37 |    49 |    56 ||   142
Block: Shield            |    76 |    85 |    83 ||   244
